 Dungeon Crawl Stone Soup version 0.30-a0-568-g124715a40b (webtiles) character file.

Game seed: 16496821955989006444

8 sokol815 the Sneak (level 2, -1/19 HPs)
             Began as a Kobold Delver on Dec 28, 2022.
             Splashed by a jelly's acid (4 damage)
             ... on level 5 of the Dungeon.
             The game lasted 00:00:20 (47 turns).

sokol815 the Sneak (Kobold Delver)                    Turns: 47, Time: 00:00:21

Health: -1/19      AC:  3    Str:  9    XL:     2   Next: 15%
Magic:  2/2        EV: 14    Int: 11    God:
Gold:   0          SH:  0    Dex: 16    Spells: 1/1 levels left

rFire   . . .      SeeInvis .    a - +0 short sword
rCold   . . .      Faith    .    (no shield)
rNeg    . . .      Spirit   .    b - +0 leather armour
rPois   .          Reflect  .    (no helmet)
rElec   .          Harm     .    (no cloak)
rCorr   .          Rampage  .    (no gloves)
Will    .....                    (no boots)
Stlth   ++++                     (no amulet)
HPRegen 0.23/turn                (no ring)
MPRegen 0.08/turn                (no ring)

@: hasted, very quick
A: small, no large weapons, nightstalker 3
a: no special abilities


You were on level 5 of the Dungeon.
You visited 1 branch of the dungeon, and saw 1 of its levels.

Inventory:

Hand Weapons
 a - a +0 short sword (weapon)
Armour
 b - a +0 leather armour (worn)
Wands
 d - a wand of digging (3)
Scrolls
 c - a scroll of fog
 e - a scroll of noise {unknown}
 E - a scroll of fear
 X - a scroll of magic mapping {@r4!r}


   Skills:
 - Level 3.2 Fighting
 + Level 3.7 Short Blades
 - Level 2.4 Dodging
 - Level 6.6 Stealth


You had one spell level left.
You didn't know any spells.
Your spell library was empty.

Dungeon Overview and Level Annotations

Branches:
Dungeon (5/15) Zot: 5959
 Temple: D:4-7

Altars:


Innate Abilities, Weirdness & Mutations

You are small and have problems with some larger weapons.
You are completely attuned to the shadows.


Message History

Bad channel name for runrest: 'Jiyva says: Divide and consume' Welcome, sokol815 the Kobold Delver.
They say the Orb of Zot lies within this dungeon, but they say a lot of things.
Found a scroll labelled ELUCOG DEPPO.
Found a stone staircase leading down.
e - a scroll labelled ELUCOG DEPPO An orc comes into view.
It is wielding a +0 mace.
An orc comes into view. It is wielding a +0 hand axe.
An orc comes into view. It is wielding a +0 flail.
The orc shouts! x3; You hear a shout!
An orc comes into view. It is wielding a +0 mace.
The orc completely misses you.
You hit the orc. You hit the orc.
You kill the orc!
The orc hits you with a +0 hand axe.
Your Short Blades skill increases to level 3!
You take 5 damage, and have 9/14 hp.
MASSIVE DAMAGE!!
You completely miss the orc. The orc barely misses you. x2
You hit the orc. The orc hits you with a +0 hand axe.
The orc barely misses you.
You take 1 damage, and have 8/14 hp.
The orc misses you. The orc attacks as you move away!
The orc closely misses you.
You feel yourself speed up. The orc hits you with a +0 hand axe.
You take 1 damage, and have 9/14 hp.
You closely miss the orc. You hit the orc.
You kill the orc!
The orc closely misses you.
You hit the orc but do no damage. You barely miss the orc.
The orc closely misses you.
You hit the orc. The orc misses you. The orc closely misses you.
You hit the orc. You hit the orc but do no damage. You punch the orc.
The orc closely misses you.
A jelly comes into view.
The orc hits you with a +0 mace!
Ouch! That really hurt!
* * * LOW HITPOINT WARNING * * *
You take 7 damage, and have 3/14 hp.
MASSIVE DAMAGE!!
The jelly quivers.
You hit the orc.
You kill the orc!
You have reached level 2!
MP restored: 2 You hit the orc but do no damage.
The orc closely misses you.
You hit the orc. You hit the orc.
You kill the orc!
The jelly hits you but does no damage.
Things that are here:
a +0 hand axe; a +0 leather armour You hit the jelly.
Your hands burn!
* * * LOW HITPOINT WARNING * * *
You take 2 damage, and have 3/19 hp.
You hit the jelly.
Your hands burn!
You die...

## . ##.#..
##.....
######.>....
#...##..#.#.
######......## #
.#. ##.##.#......#
...##..)..#...####
....#.J@.....##
.......##...##
.......o###.#
........##..#
.##).....##.#
........#..#
...........##
..#...#.#


You could see a jelly.

Vanquished Creatures
  4 orcs (D:5)
4 creatures vanquished.

Notes
Turn   | Place    | Note
-------+----------+-------------------------------------------
     0 | D:5      | sokol815 the Kobold Delver began the quest for the Orb.
     0 | D:5      | Reached XP level 1. HP: 14/14 MP: 1/1
    25 | D:5      | Reached skill level 3 in Short Blades
    40 | D:5      | Noticed a jelly
    40 | D:5      | HP: 3/14 [orc/+0 mace (7)]
    42 | D:5      | Reached XP level 2. HP: 4/19 MP: 2/2
    46 | D:5      | HP: 3/19 [acid (2)]
    47 | D:5      | Splashed by a jelly's acid

Illustrated notes

Levels and vault maps discovered:
D:5:      layout_cave_pools, marbit_many_paths, serial_gnoll_camp,
          gnoll_camp_mini_basic, gnoll_camp_mini_hut, gnoll_camp_mini_hut,
          gnoll_camp_mini_shop, gnoll_camp_mini_loothouse, gnoll_camp_medium_02,
          minmay_manual_mares, uniq_menkaure, uniq_grinder

Skill      XL: |  1 |
---------------+----+-----
Short Blades   | 3 |  3.7
Fighting       | |  3.2
Dodging        | |  2.4
Stealth        | |  6.6

Action                   || total
-------------------------++-------
Melee: Short sword       ||    17
       Punch             ||     1
  Use: Potion            ||     1
Armor: Leather armour    ||     1
Dodge: Dodged            ||    12

Table legend: (Time is in decaauts)
 A = Elapsed time spent in this place.
 B = Non-inter-level travel time spent in this place.
 C = Inter-level travel time spent in this place.
 D = Time resting spent in this place.
 E = Time spent auto-exploring this place.
 F = Levels seen in this place.
 G = Mean time per level.
                   A        B        C        D        E       F      G
               +--------+--------+--------+--------+--------+-----+--------+
         Total |     40 |     40 |      0 |      0 |     18 |   1 |   40.0 |
       Dungeon |     40 |     40 |      0 |      0 |     18 |   1 |   40.0 |
               +--------+--------+--------+--------+--------+-----+--------+

Top non-repeatable levels by time:
     D:5: 40 daAuts

Table legend:
 A = Kills in this place as a percentage of kills in entire the game.
 B = Kills by you in this place as a percentage of kills by you in the entire game.
 C = Kills by friends in this place as a percentage of kills by friends in the entire game.
 D = Other kills in this place as a percentage of other kills in the entire game.
 E = Experience gained in this place as a percentage of experience gained in the entire game.
 F = Experience gained in this place divided by the number of levels of this place that you have seen.
                   A       B       C       D       E      F
               +-------+-------+-------+-------+-------+----------------------
         Total | 100.0 | 100.0 |   N/A |   N/A | 100.0 |  12.0
       Dungeon | 100.0 | 100.0 |   N/A |   N/A | 100.0 |  12.0
               +-------+-------+-------+-------+-------+----------------------
